 Dungeon Crawl Stone Soup version 0.21.1-1-g345015fe64 (webtiles) character file.

3331 Peloso the Protected (level 9, -15/79 HPs)
             Began as a Minotaur Fighter on June 7, 2018.
             Demolished by a death yak (23 damage)
             ... on level 7 of the Dungeon.
             The game lasted 00:15:46 (7400 turns).

Peloso the Protected (Minotaur Fighter)             Turns: 7400, Time: 00:15:47

Health: -15/79     AC: 12    Str: 31    XL:     9   Next: 71%
Magic:  8/8        EV:  9    Int:  5    God:
Gold:   48         SH: 12    Dex: 12    Spells: 8/8 levels left

rFire    . . .     SeeInvis .   v - +7 war axe of the Sage {venom, Str+4}
rCold    . . .     Gourm    .   c - +0 shield
rNeg     . . .     Faith    .   m - +0 chain mail
rPois    .         Spirit   .   (helmet restricted)
rElec    .         Reflect  .   (no cloak)
rCorr    .         Harm     .   C - +0 pair of gloves
MR       .....                  (no boots)
Stlth    ..........             (no amulet)
HPRegen  0.23/turn              l - +5 ring of strength
MPRegen  0.11/turn              d - ring of stealth

@: no status effects
A: retaliatory headbutt, horns 2
a: no special abilities


You were on level 7 of the Dungeon.
You were near starving.

You visited 2 branches of the dungeon, and saw 9 of its levels.

You collected 366 gold pieces.
You spent 318 gold pieces at shops.

Inventory:

Hand Weapons
 a - a +0 long sword
 v - the +7 war axe of the Sage (weapon) {venom, Str+4}
   (You bought it in a shop on level 6 of the Dungeon)

   It poisons the flesh of those it strikes.
   It affects your strength (+4).
Missiles
 g - 46 bolts
Armour
 c - a +0 shield (worn)
 m - a +0 chain mail (worn)
 C - a +0 pair of gloves (worn)
Jewellery
 d - a ring of stealth (right hand)
 l - a +5 ring of strength (left hand)
Wands
 b - a wand of iceblast (3)
 s - a wand of flame (18)
 w - a wand of disintegration (18)
 x - a wand of enslavement (14)
 z - a wand of digging (17)
Scrolls
 h - 4 scrolls of teleportation
 p - 3 scrolls of remove curse
 t - a scroll of enchant weapon {unknown}
 y - a scroll of enchant armour
 A - a scroll of immolation {unknown}
 B - a scroll of identify
Potions
 e - 4 potions of heal wounds
 i - a potion of curing
 j - 2 potions of berserk rage
 k - a potion of flight
 n - 2 potions of agility
 o - a potion of might
 q - a potion of haste
 r - a potion of magic {unknown}
 u - 2 potions of invisibility {unknown}
Comestibles
 f - 13 rations


   Skills:
 + Level 7.4 Fighting
   Level 2.8(5.7) Short Blades
 + Level 8.6(8.9) Long Blades
 + Level 2.3 Axes
 + Level 8.7 Armour
 + Level 3.2 Dodging
 + Level 1.5 Stealth
 + Level 8.4 Shields
 + Level 1.1 Evocations


You had 8 spell levels left.
You didn't know any spells.

Dungeon Overview and Level Annotations

Branches:
Dungeon (8/15)             Temple (1/1) D:7            Lair (0/6) D:8

Altars:
Ashenzari
Cheibriados
Dithmenos
Elyvilon
Fedhas
Gozag
Kikubaaqudgha
Nemelex Xobeh
Qazlal
Ru
Trog
Uskayaw
Vehumet
Wu Jian
Xom
Yredelemnul
Zin
The Shining One

Shops:
D:4 :   D:6 (   D:7 %**


Innate Abilities, Weirdness & Mutations

You reflexively headbutt those who attack you in melee.
You have a pair of horns on your head.


Message History

The death yak gores you but does no damage.
Found a dented sapphire amulet.
The death yak gores you! x2
Found a staircase to the Lair.
You block the death yak's attack.
The death yak snorts and paws the ground.
There is a stone staircase leading up here.
You climb upwards.
There is a stone staircase leading down here.
You hit the death yak but do no damage. You headbutt the death yak.
The death yak is lightly wounded.
The death yak gores you!
You hit the death yak. Your headbutt misses the death yak.
The death yak is lightly wounded.
The death yak gores you! The death yak gores you!!
* * * LOW HITPOINT WARNING * * *
You hit the death yak. You headbutt the death yak!
The death yak is moderately wounded.
The death yak gores you!!
You die...

###..............#######
#.......................
#..............#.#......
#.......................
#...................#...
#...................#.##
#...................#...
#.......................
##......@............#...
#.......Y......##....รท..[
#........................
#..............##........
#..............##......#.
#....######'#####......#.
#....#.....[....######.#.
#....#...................
######...................


You could see a death yak.

Vanquished Creatures
  The ghost of raetorn the Magician, a novice GnWr of Cheibriados (D:6)
  The ghost of zorgos the Chopper, an amateur MiGl (D:4)
  Grinder (D:5)
  Prince Ribbit (D:7)
  A hippogriff (D:7)
  The ghost of Bapho the Poker, an amateur HOFi (D:3)
  An ice beast (D:6)
  A phantom (D:6)
  3 ogres
  A centaur (D:7)
  5 bullfrogs
  A scorpion (D:7)
  3 howler monkeys
  2 crimson imps
  A bullfrog zombie (D:5)
  6 hounds
  4 orc priests (D:4)
  Ijyb (D:4)
  9 worker ants
  An orc wizard (D:5)
  A hound skeleton (D:6)
  A worker ant zombie (D:7)
  11 adders
  A howler monkey skeleton (D:5)
  An ooze (D:4)
  An adder zombie (D:6)
  3 worms
  A dart slug (D:2)
  2 leopard geckos
  8 orcs
  3 giant cockroaches
  8 hobgoblins
  14 jackals
  5 quokkas
  3 ball pythons
  7 bats
  6 frilled lizards
  3 goblins
  2 jackal zombies
  8 kobolds
  A leopard gecko skeleton (D:6)
  4 rats
139 creatures vanquished.

Notes
Turn   | Place    | Note
-------+----------+-------------------------------------------
     0 | D:1      | Peloso the Minotaur Fighter began the quest for the Orb.
     0 | D:1      | Reached XP level 1. HP: 19/19 MP: 0/0
   222 | D:1      | Reached XP level 2. HP: 25/27 MP: 1/1
   843 | D:2      | Reached XP level 3. HP: 23/33 MP: 2/2
   845 | D:2      | Found a shattered altar of Ashenzari.
   845 | D:2      | Found a stormy altar of Qazlal.
   845 | D:2      | Found a shadowy altar of Dithmenos.
   846 | D:2      | Found a glowing golden altar of the Shining One.
  2012 | D:3      | Reached XP level 4. HP: 40/40 MP: 3/3
  2164 | D:3      | Noticed Bapho's ghost (amateur HOFi)
  2235 | D:4      | Reached skill level 5 in Shields
  2238 | D:4      | Reached skill level 1 in Short Blades
  2238 | D:4      | Reached skill level 1 in Dodging
  2238 | D:4      | Reached XP level 5. HP: 37/46 MP: 4/4
  2533 | D:4      | Noticed an ogre
  2539 | D:4      | Killed an ogre
  2539 | D:4      | Reached skill level 5 in Armour
  2539 | D:4      | Reached XP level 6. HP: 52/52 MP: 5/5
  2610 | D:4      | Noticed Ijyb
  2610 | D:4      | Noticed zorgos's ghost (amateur MiGl)
  3141 | D:3      | Killed Bapho's ghost
  3141 | D:3      | Reached XP level 7. HP: 22/60 MP: 6/6
  3269 | D:3      | Found a blossoming altar of Fedhas.
  3513 | D:5      | Entered Level 5 of the Dungeon
  3524 | D:5      | Reached skill level 1 in Stealth
  3944 | D:5      | Noticed Grinder
  3969 | D:5      | Killed Grinder
  3969 | D:5      | Reached skill level 5 in Long Blades
  4406 | D:6      | Reached XP level 8. HP: 45/67 MP: 7/7
  4639 | D:6      | Reached skill level 5 in Fighting
  4755 | D:6      | Reached skill level 1 in Evocations
  4786 | D:6      | Found Qejadd's Antique Weapon Emporium.
  5011 | D:6      | Noticed raetorn's ghost (novice GnWr)
  5083 | D:6      | Killed raetorn's ghost
  5297 | D:6      | Reached XP level 9. HP: 73/75 MP: 8/8
  5672 | D:4      | Killed zorgos's ghost
  5854 | D:4      | Killed Ijyb
  5907 | D:4      | Found Seoled's Book Shoppe.
  6409 | D:6      | Bought an ancient war axe for 221 gold pieces
  6409 | D:6      | Identified the +7 war axe of the Sage {venom, Str+4} (You bought it in a shop on level 6 of the Dungeon)
  6432 | D:7      | Found Wuyck's General Store.
  6461 | D:7      | Bought a scroll of enchant armour for 97 gold pieces
  6507 | D:7      | Found Faobuk's Food Shoppe.
  6651 | D:7      | Noticed Prince Ribbit
  6657 | D:7      | Killed Prince Ribbit
  6657 | D:7      | Reached skill level 1 in Axes
  6678 | D:7      | Found Yvyo's General Store.
  6957 | D:7      | Found a staircase to the Ecumenical Temple.
  7042 | Temple   | Entered the Ecumenical Temple
  7376 | D:8      | Noticed a death yak
  7376 | D:8      | Noticed a death yak
  7377 | D:8      | Noticed a death yak
  7384 | D:8      | Noticed a death yak
  7385 | D:8      | Noticed a death yak
  7391 | D:8      | Found a staircase to the Lair.
  7400 | D:7      | Demolished by a death yak

Skill      XL: |  1  2  3  4  5  6  7  8  9 |
---------------+----------------------------+-----
Shields        | 4 5 6 7 8 |  8.4
Armour         | 4 5 6 7 8 |  8.7
Long Blades    | 3 5 7 8 |  8.6
Fighting       | 4 6 7 |  7.4
Short Blades   | 1 2 |  2.8
Dodging        | 1 2 3 |  3.2
Stealth        | 1 |  1.5
Evocations     | 1 |  1.1
Axes           | 2 |  2.3

Action                   |  1- 3 |  4- 6 |  7- 9 || total
-------------------------+-------+-------+-------++-------
Melee: Long sword        |    68 |    12 |   216 ||   296
       Headbutt          |    21 |    32 |    67 ||   120
       Rapier            |    56 |    86 |       ||   142
       War axe           |       |       |    34 ||    34
Evoke: Wand              |       |     4 |     6 ||    10
  Use: Scroll            |     5 |     3 |     2 ||    10
       Potion            |       |     1 |       ||     1
  Eat: Chunk             |     4 |     3 |     9 ||    16
       Ration            |       |       |     1 ||     1
Armor: Scale mail        |    60 |    26 |     9 ||    95
       Chain mail        |       |       |    77 ||    77
Dodge: Dodged            |    36 |    23 |    65 ||   124
Block: Shield            |    82 |    70 |   146 ||   298
       Rpst.: Long sword |     5 |     1 |    17 ||    23
